 Dungeon Crawl Stone Soup version 0.21-a0-91-ga5031da (console) character file.

1262 removed the Basher (level 8, -5/60 HPs)
             Began as a Human Wanderer on June 29, 2017.
             Slain by an ice beast (12 damage)
             ... on level 5 of the Dungeon.
             The game lasted 00:14:08 (5717 turns).

removed the Basher (Human Wanderer)                 Turns: 5717, Time: 00:14:09

Health: -5/60      AC: 12    Str: 14    XL:     8   Next: 81%
Magic:  8/8        EV:  9    Int: 15    God:
Gold:   175        SH:  0    Dex: 11    Spells: 7/7 levels left

rFire    . . .     SeeInvis .   a - +0 flail (crush)
rCold    . . .     Gourm    .   (no shield)
rNeg     . . .     Faith    .   m - +3 scale mail
rPois    .         Spirit   .   E - +0 helmet
rElec    .         Reflect  .   (no cloak)
rCorr    .         Harm     .   (no gloves)
MR       .....                  O - +0 pair of boots
Stlth    ..........             (no amulet)
HPRegen  0.20/turn              (no ring)
MPRegen  0.11/turn              o - ring of wizardry

@: no status effects
A: no striking features
a: no special abilities


You were on level 5 of the Dungeon.
You were not hungry.

You visited 1 branch of the dungeon, and saw 5 of its levels.

You collected 175 gold pieces.

Inventory:

Hand Weapons
 a - a +0 flail of crushing (weapon)
 b - a +0 blowgun
 k - a +0 club
 l - a +0 dagger
 A - a +0 spear
 B - a +0 whip
 Q - a +0 shortbow
Missiles
 c - 73 arrows
 H - 6 silver javelins (quivered)
 N - a throwing net
 R - 12 poisoned needles
Armour
 m - a +3 scale mail (worn)
 u - a +0 ring mail of cold resistance
 E - a +0 helmet (worn)
 I - a +0 scale mail of fire resistance
 K - a cursed +0 scale mail
 O - a +0 pair of boots (worn)
Jewellery
 o - a ring of wizardry (right hand)
Wands
 J - a wand of paralysis (4/24)
Scrolls
 d - 2 scrolls of teleportation
 n - a scroll of fear
 w - 2 scrolls of amnesia
 U - a scroll of immolation {unknown}
Potions
 i - 2 potions of curing
 x - a potion of flight
 z - 2 potions of might
 M - a potion of resistance
 P - a potion of mutation {unknown}
 T - a potion of lignification {unknown}
Comestibles
 f - 4 bread rations
 h - 2 royal jellies
 j - 6 fruits
 v - 3 meat rations
 V - 5 chunks of flesh


   Skills:
 - Level 4.0 Fighting
 + Level 9.1 Maces & Flails
 - Level 1.0 Bows
 - Level 1.0 Throwing
 - Level 3.0 Armour
   Level 3.0 Air Magic
 - Level 1.0 Evocations


You had 7 spell levels left.
You didn't know any spells.

Dungeon Overview and Level Annotations

Branches:
Dungeon (5/15)
 Temple: D:4-7

Altars:
Sif Muna
Xom

Annotations:
D:2 exclusion: downstairs


Message History

You are too injured to fight recklessly!
You hit the ice beast.
The ice beast is lightly wounded.
The ice beast hits you. The ice beast freezes you!
* * * LOW HITPOINT WARNING * * *
You are too injured to fight recklessly!
Your scale mail prevents you from hitting the ice beast.
The ice beast is lightly wounded.
The ice beast hits you.
* * * LOW HITPOINT WARNING * * *
The ice beast freezes you!
* * * LOW HITPOINT WARNING * * *
You see here a sky beast corpse.
You see here a leather armour.
Things that are here:
a flail; a dagger; a robe The ice beast hits you.
* * * LOW HITPOINT WARNING * * *
The ice beast freezes you!
You die...

#.#...#.#:##
#.#.#.#.# .
#.#.###.##
#.#......#
#.#..##..#
#.#......#
#.#####..#
#.###....#
#.Y@..#.##
#######..
###


You could see an ice beast.

Vanquished Creatures
  Sigmund (D:3)
  A hungry ghost (D:4)
  Duvessa (D:4)
  A sky beast (D:5)
  A centaur (D:5)
  Dowan (D:4)
  A scorpion (D:4)
  A centaur skeleton (D:5)
  3 orc priests
  A hound (D:4)
  4 orc wizards
  Natasha (thrice) (D:3)
  2 worker ants
  Robin (D:3)
  4 adders
  2 oozes
  2 adder skeletons (D:4)
  A worm (D:2)
  5 dart slugs
  A leopard gecko (D:2)
  29 orcs
  2 ball pythons
  8 giant cockroaches
  21 goblins
  10 hobgoblins
  13 kobolds
  5 quokkas
  6 bats
  7 frilled lizards
  6 rats
144 creatures vanquished.

Vanquished Creatures (others)
  A fungus (D:5)
1 creature vanquished.

Grand Total: 145 creatures vanquished

Notes
Turn   | Place    | Note
-------+----------+-------------------------------------------
     0 | D:1      | removed the Human Wanderer began the quest for the Orb.
     0 | D:1      | removed set off with: a +2 scale mail, a +0 shortbow, 26 arrows, a scroll of teleportation, a bread ration
     0 | D:1      | Reached XP level 1. HP: 15/15 MP: 1/1
   126 | D:1      | Reached XP level 2. HP: 22/22 MP: 2/2
   522 | D:1      | Reached XP level 3. HP: 28/28 MP: 3/3
  1032 | D:2      | Reached XP level 4. HP: 35/35 MP: 4/4
  1553 | D:3      | Noticed Robin
  1758 | D:3      | Reached skill level 1 in Maces & Flails
  1796 | D:3      | Killed Robin
  1796 | D:3      | Reached XP level 5. HP: 40/42 MP: 5/5
  1854 | D:3      | Reached skill level 2 in Maces & Flails
  2107 | D:3      | Reached skill level 3 in Maces & Flails
  2288 | D:3      | Found a deep blue altar of Sif Muna.
  2376 | D:3      | Noticed Natasha
  2400 | D:3      | Killed Natasha
  2400 | D:3      | Reached XP level 6. HP: 35/48 MP: 6/6
  2427 | D:3      | Noticed Natasha
  2431 | D:3      | Noticed Sigmund
  2433 | D:3      | Killed Natasha
  2433 | D:3      | Reached skill level 4 in Maces & Flails
  2771 | D:4      | Noticed a hungry ghost
  2785 | D:4      | Killed a hungry ghost
  2785 | D:4      | Reached skill level 5 in Maces & Flails
  2785 | D:4      | Reached XP level 7. HP: 51/54 MP: 7/7
  3055 | D:4      | Found a shimmering altar of Xom.
  3284 | D:4      | Reached skill level 6 in Maces & Flails
  3369 | D:4      | Noticed Duvessa
  3370 | D:4      | Noticed Dowan
  3932 | D:4      | Killed Duvessa
  3935 | D:4      | Killed Dowan
  3935 | D:4      | Reached skill level 7 in Maces & Flails
  3935 | D:4      | Reached XP level 8. HP: 39/60 MP: 8/8
  4160 | D:3      | Noticed Natasha
  4170 | D:3      | Killed Natasha
  4580 | D:3      | Killed Sigmund
  4580 | D:3      | Reached skill level 8 in Maces & Flails
  4875 | D:5      | Entered Level 5 of the Dungeon
  5662 | D:5      | Reached skill level 9 in Maces & Flails
  5717 | D:5      | Slain by an ice beast

Vault maps used:
D:1:      eino_arrival_tree_alley
D:2:      first_bread
D:3:      marbit_many_paths, uniq_robin, uniq_natasha, uniq_sigmund
D:4:      xom_teletrap_fun, uniq_duvessa
D:5:      eino_small_chamber_without_monster, fedhas_altar_3, uniq_grinder

Skill      XL: |  1  2  3  4  5  6  7  8 |
---------------+-------------------------+-----
Fighting       | 2 3 4 |  4.0
Maces & Flails | 1 3 5 7 9 |  9.1
Bows           | |  1.0
Throwing       | |  1.0
Armour         | |  3.0
Air Magic      | |  3.0
Evocations     | |  1.0

Action                   |  1- 3 |  4- 6 |  7- 9 || total
-------------------------+-------+-------+-------++-------
Melee: Whip              |    20 |    25 |       ||    45
       Flail             |       |   139 |   268 ||   407
 Fire: Shortbow          |   103 |    31 |       ||   134
       Blowgun           |       |       |     3 ||     3
Evoke: Wand              |       |       |     3 ||     3
  Use: Scroll            |       |    10 |     3 ||    13
       Potion            |       |     2 |       ||     2
 Stab: Paralysed         |       |       |     4 ||     4
  Eat: Chunk             |       |     6 |     9 ||    15
       Bread ration      |       |     1 |       ||     1
Armor: Scale mail        |    46 |    95 |   130 ||   271
Dodge: Dodged            |    31 |    68 |    96 ||   195
